 Dungeon Crawl Stone Soup version 0.29.1-1-gd02db6906a (webtiles) character file.

Game seed: 10888538461547056658

330 smilodon the Sneak (level 6, 0/41 HPs)
             Began as a Vampire Enchanter on Oct 1, 2022.
             Was an Elder of Jiyva.
             Slain by a gnoll
             ... wielding a +1 vorpal flail
             ... led by a gnoll bouda
              (7 damage)
             ... on level 5 of the Dungeon.
             The game lasted 00:06:19 (2949 turns).

smilodon the Sneak (Vampire Enchanter)              Turns: 2949, Time: 00:06:20

Health: 0/41       AC:  2    Str:  7    XL:     6   Next: 26%
Magic:  5/10       EV: 13    Int: 19    God:    Jiyva [****..]
Gold:   86         SH:  0    Dex: 15    Spells: 3/11 levels left

rFire   . . .      SeeInvis +   d - +1 short sword
rCold   . . .      Faith    .   (no shield)
rNeg    . . .      Spirit   .   b - +0 robe
rPois   .          Reflect  .   (no helmet)
rElec   .          Harm     .   (no cloak)
rCorr   +          Rampage  .   (no gloves)
Will    .....                   (boots unavailable)
Stlth   +++.......              (no amulet)
HPRegen 1.61/turn               g - ring of resist corrosion
MPRegen 0.52/turn               (no ring)

@: healing quickly
A: alive, fangs 3, see invisible, vampiric 2, talons 3, jelly absorbing missiles
a: Exsanguinate, Renounce Religion, Oozemancy, Slimify


You were on level 5 of the Dungeon.
You worshipped Jiyva.
Jiyva was greatly pleased with you.
You visited 1 branch of the dungeon, and saw 5 of its levels.

You collected 86 gold pieces.

Inventory:

Hand Weapons
 a - a +1 dagger
 d - a +1 short sword (weapon)
Missiles
 c - 5 poisoned darts
 k - 4 silver javelins (quivered)
Armour
 b - a +0 robe (worn)
 i - a +0 leather armour
Jewellery
 g - a ring of resist corrosion (left hand)
Wands
 f - a wand of digging (5)
Scrolls
 j - a scroll of teleportation
Potions
 e - 3 potions of mutation
 h - a potion of degeneration


   Skills:
 + Level 3.1 Short Blades
 + Level 3.7 Dodging
 + Level 6.2 Stealth
 + Level 3.2 Spellcasting
 + Level 6.0 Hexes
 + Level 0.0 Summonings


You had 3 spell levels left.
You knew the following spells:

 Your Spells              Type           Power      Damage    Failure   Level
a - Confusing Touch       Hex            26%        N/A       3%          3
b - Tukima's Dance        Hex            26%        N/A       3%          3
c - Call Imp              Summ           3%         N/A       22%         2

Your spell library contained the following spells:

 Spells                   Type           Power      Damage    Failure   Level
 Ensorcelled Hibernation  Hex/Ice        28%        N/A       7%          2
 Dazzling Flash           Conj/Hex       28%        N/A       13%         3
 Magic Dart               Conj           12%        1d3       16%         1
 Shock                    Conj/Air       12%        1d3       16%         1
 Sting                    Tmut/Pois      12%        1d3       16%         1
 Poisonous Vapours        Pois/Air       6%         N/A       22%         2
 Sublimation of Blood     Necr           3%         N/A       22%         2
 Mephitic Cloud           Conj/Pois/Air  3%         N/A       41%         3
 Olgreb's Toxic Radiance  Pois           3%         N/A       83%         4
 Petrify                  Tmut/Erth      3%         N/A       83%         4
 Irradiate                Conj/Tmut      1%         3d12      99%         5


Dungeon Overview and Level Annotations

Branches:
Dungeon (5/15)             Temple (0/1) D:4

Altars:
Cheibriados
Xom
Jiyva

Annotations:
D:5 Sigmund


Innate Abilities, Weirdness & Mutations

Your natural rate of healing is accelerated.
You have razor-sharp teeth.
You have supernaturally acute eyesight. (SInv)
You are afflicted with vampirism and can become a bat while bloodless.
You have claws for feet.
You have a small jelly attached to you that may absorb projectiles.


Message History

Your shadow imp hits the centaur but does no damage.
The gnoll hits you.
You hit the gnoll but do no damage. You claw the gnoll.
The gnoll is severely wounded.
Your shadow imp barely misses the centaur.
The gnoll hits you.
You barely miss the gnoll. You claw the gnoll.
You kill the gnoll!
The centaur wields a +0 shortbow.
The centaur shoots an arrow.
The arrow barely misses you.
Your shadow imp barely misses the gnoll.
The lemure hits your shadow imp but does no damage.
You hit the gnoll. Your kick misses the gnoll. Your bite misses the gnoll.
The gnoll is lightly wounded.
The gnoll hits you with a +1 vorpal flail!
The gnoll completely misses you.
Your shadow imp completely misses the lemure.
The lemure hits your shadow imp.
Casting: Call Imp (safe; 22% risk of failure)
Confirm with . or Enter, or press ? or * to list all spells.
Aiming: Tukima's Dance (dangerous; 3% risk of failure)
Press: ? - help, Shift-Dir - straight line, f - gnoll
Aim: a gnoll, wielding a +1 vorpal flail (lightly wounded, covering ground quickly, chance to affect: 66%)
The gnoll struggles to resist.
The gnoll closely misses you.
The gnoll hits you with a +1 vorpal flail!
* * * LOW HITPOINT WARNING * * *
Your shadow imp closely misses the lemure.
The lemure hits your shadow imp.
Casting: Tukima's Dance (dangerous; 3% risk of failure)
Confirm with . or Enter, or press ? or * to list all spells.
Aiming: Tukima's Dance (dangerous; 3% risk of failure)
Press: ? - help, Shift-Dir - straight line, f/p - gnoll
Aim: a gnoll, wielding a +1 vorpal flail (lightly wounded, covering ground quickly, chance to affect: 66%)
Okay, then.
The gnoll attacks as you move away!
The gnoll hits you with a +1 vorpal flail.
* * * LOW HITPOINT WARNING * * *
x2 Your shadow imp hits the lemure.
The gnoll hits you with a +1 vorpal flail!
You die...

############
.......<...#
##########@#
#g# #
#g##(##g..
#c5.g5gg5.
......55g..g5.!
.#####..#.###..
...#.# ##### #


You could see 2 lemures, a centaur, 2 gnolls and a friendly shadow imp
(summoned).

Vanquished Creatures
  An ogre (D:4)
  A howler monkey (D:4)
  Ijyb (D:4)
  2 orc wizards
  A gnoll (D:5)
  2 adders
  19 orcs
  3 ball pythons
  3 bats
  An endoplasm (D:1)
  5 giant cockroaches
  4 goblins
  3 hobgoblins
  3 quokkas
  2 frilled lizards
  7 kobolds
  2 rats (D:1)
60 creatures vanquished.

Vanquished Creatures (others)
  A dancing weapon (D:5)
  An orc priest (D:3)
  An orc wizard (D:3)
  3 adders (D:3)
  An orc (D:4)
  2 endoplasms
  A giant cockroach (D:4)
  3 goblins
  2 hobgoblins
  3 kobolds
  5 quokkas
  3 ball pythons
  A rat (D:3)
  A fungus (D:1)
  4 plants (D:1)
32 creatures vanquished.

Grand Total: 92 creatures vanquished

Notes
Turn   | Place    | Note
-------+----------+-------------------------------------------
     0 | D:1      | smilodon the Vampire Enchanter began the quest for the Orb.
     0 | D:1      | Reached XP level 1. HP: 13/13 MP: 3/3
   187 | D:1      | Found a faded altar of an unknown god.
   197 | D:1      | Got Plato's Treatise on Ozone
   215 | D:1      | Prayed at the altar of an unknown god.
   215 | D:1      | Became a worshipper of Jiyva Jekemnum the Shapeless
   215 | D:1      | Reached * piety under Jiyva
   233 | D:1      | Reached XP level 2. HP: 19/19 MP: 5/5
   761 | D:2      | Reached ** piety under Jiyva
  1096 | D:3      | Gained mutation: You are afflicted with vampirism and can
                  | become a bat while bloodless. [Vampire growth]
  1096 | D:3      | Reached XP level 3. HP: 23/24 MP: 6/6
  1100 | D:3      | Reached skill level 5 in Stealth
  1100 | D:3      | Reached skill level 5 in Hexes
  1178 | D:3      | Found a snail-covered altar of Cheibriados.
  1194 | D:3      | Reached XP level 4. HP: 26/30 MP: 7/7
  1448 | D:3      | Reached *** piety under Jiyva
  1989 | D:4      | Noticed Ijyb
  1991 | D:4      | Killed Ijyb
  2007 | D:4      | Noticed an ogre
  2008 | D:4      | Found a shimmering altar of Xom.
  2009 | D:4      | Killed an ogre
  2010 | D:4      | Reached XP level 5. HP: 35/35 MP: 9/9
  2017 | D:4      | Reached XP level 6. HP: 31/41 MP: 10/10
  2234 | D:4      | Gained mutation: You have a small jelly attached to you
                  | that may absorb projectiles. [Jiyva's grace]
  2234 | D:4      | Gained mutation: You have sharp toenails. [Jiyva's grace]
  2234 | D:4      | Gained mutation: You have razor-sharp toenails. [Jiyva's
                  | grace]
  2234 | D:4      | Gained mutation: You have claws for feet. [Jiyva's grace]
  2325 | D:4      | Found a staircase to the Ecumenical Temple.
  2455 | D:4      | Reached **** piety under Jiyva
  2849 | D:4      | Learned a level 3 spell: Confusing Touch
  2853 | D:4      | Learned a level 3 spell: Tukima's Dance
  2856 | D:4      | Learned a level 2 spell: Call Imp
  2875 | D:5      | Entered Level 5 of the Dungeon
  2875 | D:5      | Noticed Sigmund
  2949 | D:5      | Slain by a gnoll

Illustrated notes

Levels and vault maps discovered:
D:1:      dpeg_arrival_connections, layout_rooms,
          shapermc_ecumenical_altar_rom_forum
D:2:      layout_rooms
D:3:      layout_basic, lemuel_crystal_altar, minivault_24, moated_statue
D:4:      layout_basic, zin_treasury, xom_confusion_cloud,
          minmay_temple_entry_arrows, minmay_goblin_outpost, uniq_ijyb
D:5:      layout_loops_ring, nicolae_elyvilon_temple_path,
          nemelex_diamond_rough_becter, mainiacjoe_overflow_tiny_flanked,
          minmay_manual_mandibuliform, uniq_grinder, uniq_eustachio, uniq_pikel,
          uniq_sigmund, uniq_edmund

Skill      XL: |  1  2  3  4  5  6 |
---------------+-------------------+-----
Short Blades   | 2 3 |  3.1
Stealth        | 5 6 |  6.2
Hexes          | 5 6 |  6.0
Dodging        | 3 |  3.7
Spellcasting   | 3 |  3.2

Action                   |  1- 3 |  4- 6 || total
-------------------------+-------+-------++-------
Melee: Short sword       |    79 |   130 ||   209
       Dagger            |     3 |       ||     3
       Bite              |    11 |    14 ||    25
       Punch             |     2 |     1 ||     3
       Kick              |       |     9 ||     9
 Cast: Tukima's Dance    |       |     3 ||     3
       Call Imp          |       |     1 ||     1
  Use: Scroll            |     1 |     6 ||     7
       Potion            |     1 |     5 ||     6
 Stab: Sleeping          |     7 |     3 ||    10
       Invisible         |     4 |     5 ||     9
       Distracted        |     1 |     1 ||     2
Armor: Robe              |    10 |     8 ||    18
Dodge: Dodged            |    42 |    69 ||   111
